[ AOE2 MATCH · #508478101 ]
UnrankedCiv #61 vs Civ #61
Player's team · LOSS
Rival team · WIN
[ REPLAY ANALYSIS · EXTRACTED FROM THE RECORDED GAME ]
Feudal
9:37
Castle
—
Imperial
—
| APM avg | 61.9 |
| APM peak | 94 |
| eAPM avg | 30.3 |
| Villagers / military | 22 / 0 |
Focus
⚔️ 42.0% · 🌾 58.0%
Feudal
8:56
Castle
—
Imperial
—
| APM avg | 76.9 |
| APM peak | 119 |
| eAPM avg | 35.0 |
| Villagers / military | 30 / 8 |
Focus
⚔️ 46.7% · 🌾 53.3%
Archer ×4 · Spearman ×4
Match map
Initial resources + every placement click. Lines = walls · curves = elevation contours. ◆ gold · ⬟ stone · ● berries · ✦ relic · ◌ wall gap
Your base· Open — unwalled flank
wR.Sebastian's base· Open — unwalled flank
Smoothed initial terrain · ◌ = detected wall gap · hover for details
Inputs per minute
— Oni.TheViper - - wR.Sebastian
Build order — Oni.TheViper
37 actions detected in the replay
| 0:00 | Queue | Villager (Male) |
| 0:01 | Build | House |
| 0:02 | Build | House |
| 0:10 | Queue | Villager (Male) |
| 0:14 | Queue | Villager (Male) |
| 0:20 | Queue | Villager (Male) |
| 1:21 | Queue | Villager (Male) |
| 1:50 | Queue | Villager (Male) |
| 2:01 | Build | Lumber Camp |
| 2:26 | Queue | Villager (Male) |
| 2:26 | Queue | Villager (Male) |
| 2:53 | Queue | Villager (Male) |
| 3:00 | Queue | Villager (Male) |
| 3:32 | Queue | Villager (Male) |
| 3:59 | Build | House |
| 4:03 | Queue | Villager (Male) |
| 4:16 | Build | Mining Camp |
| 4:18 | Queue | Villager (Male) |
| 4:18 | Queue | Villager (Male) |
| 4:50 | Queue | Villager (Male) |
| 5:15 | Queue | Villager (Male) |
| 5:27 | Queue | Villager (Male) |
| 5:45 | Queue | Villager (Male) |
| 5:56 | Build | Mill |
| 6:00 | Queue | Villager (Male) |
| 6:40 | Research | Loom |
| 7:27 | Research | Feudal Age |
| 7:27 | Research | Feudal Age |
| 7:33 | Build | House |
| 7:38 | Build | Palisade Wall |
| 7:40 | Build | House |
| 9:08 | Queue | Villager (Male) |
| 9:28 | Queue | Villager (Male) |
| 9:37 | Age | Feudal Age |
| 9:47 | Build | Market |
| 10:00 | Queue | Villager (Male) |
| 10:49 | Build | Blacksmith |
Build order — wR.Sebastian
61 actions detected in the replay
| 0:00 | Queue | Villager (Male) |
| 0:01 | Build | House |
| 0:02 | Build | House |
| 0:02 | Queue | Villager (Male) |
| 0:14 | Queue | Villager (Male) |
| 0:26 | Queue | Villager (Male) |
| 1:33 | Queue | Villager (Male) |
| 1:49 | Queue | Villager (Male) |
| 2:20 | Build | Lumber Camp |
| 2:27 | Queue | Villager (Male) |
| 2:28 | Queue | Villager (Male) |
| 2:50 | Queue | Villager (Male) |
| 3:02 | Build | House |
| 3:19 | Queue | Villager (Male) |
| 3:39 | Queue | Villager (Male) |
| 4:04 | Queue | Villager (Male) |
| 4:04 | Queue | Villager (Male) |
| 4:24 | Build | Mill |
| 4:29 | Queue | Villager (Male) |
| 5:04 | Queue | Villager (Male) |
| 5:06 | Queue | Villager (Male) |
| 5:09 | Queue | Villager (Male) |
| 5:28 | Queue | Villager (Male) |
| 5:57 | Research | Loom |
| 6:46 | Research | Feudal Age |
| 6:46 | Research | Feudal Age |
| 6:58 | Queue | Villager (Male) |
| 7:40 | Build | House |
| 7:48 | Queue | Villager (Male) |
| 7:50 | Build | Barracks |
| 7:53 | Build | House |
| 8:56 | Age | Feudal Age |
| 8:58 | Build | Archery Range |
| 9:00 | Research | Double-Bit Axe |
| 9:02 | Queue | Spearman |
| 9:02 | Queue | Spearman |
| 9:08 | Queue | Villager (Male) |
| 9:17 | Queue | Villager (Male) |
| 9:20 | Build | House |
| 9:29 | Queue | Archer |
| 9:37 | Queue | Archer |
| 9:47 | Queue | Archer |
| 9:48 | Queue | Spearman |
| 10:02 | Queue | Villager (Male) |
| 10:07 | Queue | Archer |
| 10:33 | Queue | Villager (Male) |
| 10:33 | Queue | Villager (Male) |
| 10:35 | Build | House |
| 10:45 | Build | House |
| 10:50 | Queue | Villager (Male) |
| 10:52 | Build | Farm |
| 10:53 | Build | Farm |
| 10:57 | Queue | Spearman |
| 11:03 | Queue | Villager (Male) |
| 11:18 | Queue | Villager (Male) |
| 11:20 | Build | Farm |
| 11:35 | Queue | Villager (Male) |
| 11:36 | Build | Farm |
| 11:43 | Queue | Villager (Male) |
| 12:02 | Build | Palisade Gate |
| 12:04 | Build | House |
Match timeline
| 7:38 | Oni.TheViper · wall_segment Palisade Wall x1 |
| 7:50 | wR.Sebastian · first_building Barracks |
| 8:56 | wR.Sebastian · age_up feudal |
| 8:58 | wR.Sebastian · first_building Archery Range |
| 9:37 | Oni.TheViper · age_up feudal |
| 11:53 | Oni.TheViper · first_market_sell 100 wood |
| 12:09 | Oni.TheViper · resign |
[ AI ANALYSIS · 1 CREDIT ]
What really happened in this match?
Wolo.gg analyzes every decision: build order, eco, micro, common mistakes by bracket. Personalized analysis on WhatsApp or Discord in 30 seconds.
Civ guide
Civ #61
Perfil
Jugador #196240